 Dungeon Crawl Stone Soup version 0.30-a0-528-g8c47a4955b (webtiles) character file.

Game seed: 14735694710839514035

180 arthad the Chopper (level 5, -6/43 HPs)
             Began as a Gnoll Reaver on Dec 23, 2022.
             Mangled by a scorpion (7 damage)
             ... on level 4 of the Dungeon.
             The game lasted 00:05:21 (2559 turns).

arthad the Chopper (Gnoll Reaver)                   Turns: 2559, Time: 00:05:22

Health: -6/43      AC:  4    Str: 17    XL:     5   Next: 60%
Magic:  12/12      EV: 12    Int: 15    God:
Gold:   241        SH:  5    Dex: 10    Spells: 11/14 levels left

rFire   . . .      SeeInvis .    a - +0 hand axe
rCold   . . .      Faith    .    u - +2 buckler
rNeg    . . .      Spirit   .    b - +0 leather armour
rPois   .          Reflect  .    (no helmet)
rElec   .          Harm     .    (no cloak)
rCorr   .          Rampage  .    o - +0 pair of gloves
Will    .....                    (no boots)
Stlth   +                        (no amulet)
HPRegen 0.27/turn                r - +6 ring of strength
MPRegen 0.13/turn                (no ring)

@: mighty, lethally poisoned (-6 -> -10)
A: fangs 1, strong nose, distributed training
a: no special abilities


You were on level 4 of the Dungeon.
You visited 1 branch of the dungeon, and saw 4 of its levels.

You collected 241 gold pieces.

Inventory:

Hand Weapons
 a - a +0 hand axe (weapon)
 l - a +2 dagger of venom
Missiles
 j - 5 poisoned darts
Armour
 b - a +0 leather armour (worn)
 o - a +0 pair of gloves (worn)
 u - a +2 buckler (worn)
Jewellery
 r - a +6 ring of strength (left hand)
Scrolls
 d - 4 scrolls of identify {unknown}
 g - 2 scrolls of teleportation {unknown}
 h - a scroll of amnesia {unknown}
 m - a scroll of vulnerability {unknown}
 p - a scroll of enchant armour {unknown}
 s - a scroll of fear {unknown}
 t - a scroll of fog {unknown}
 w - a scroll of summoning {unknown}
Potions
 f - a potion of haste {unknown}
 i - a potion of heal wounds {unknown}
 k - a potion of curing {unknown}
 n - a potion of attraction {unknown}
 q - a potion of invisibility {unknown}
 v - 2 potions of ambrosia


   Skills:
 + Level 4.8 Fighting
 + Level 1.6 Short Blades
 + Level 1.6 Long Blades
 + Level 6.7 Axes
 + Level 1.6 Maces & Flails
 + Level 1.6 Polearms
 + Level 1.6 Staves
 + Level 1.6 Ranged Weapons
 + Level 1.6 Throwing
 + Level 1.6 Armour
 + Level 4.8 Dodging
 + Level 1.6 Stealth
 + Level 1.6 Shields
 + Level 1.6 Unarmed Combat
 + Level 5.2 Spellcasting
 + Level 5.6 Conjurations
 + Level 1.3 Hexes
 + Level 1.3 Summonings
 + Level 1.3 Necromancy
 + Level 1.3 Translocations
 + Level 1.3 Transmutations
 + Level 1.3 Fire Magic
 + Level 1.3 Ice Magic
 + Level 1.3 Air Magic
 + Level 1.3 Earth Magic
 + Level 1.3 Poison Magic
 + Level 1.8 Invocations
 + Level 1.6 Evocations


You had 11 spell levels left.
You knew the following spells:

 Your Spells              Type           Power      Damage    Failure   Level
a - Kiss of Death         Conj/Necr      56%        2d9       6%          1
b - Momentum Strike       Conj/Tloc      28%        3d8       10%         2

Your spell library contained the following spells:

 Spells                   Type           Power      Damage    Failure   Level
 Hailstorm                Conj/Ice       14%        3d5       19%         3
 Ozocubu's Armour         Ice            7%         N/A       41%         3
 Metabolic Englaciation   Hex/Ice        3%         N/A       99%         5
 Simulacrum               Ice/Necr       3%         N/A       100%        6


Dungeon Overview and Level Annotations

Branches:
Dungeon (4/15)
 Temple: D:4-7

Altars:

Shops:
D:3 :

Annotations:
D:3 3 runed translucent doors, xzight's ghost, weakling OgFE


Innate Abilities, Weirdness & Mutations

You have very sharp teeth.
Your uncanny sense of smell can sniff out nearby items.
Your experience applies equally to all skills.


Message History

Confirm with . or Enter, or press ? or * to list all spells.
Okay, then.
It was a potion of might.
You feel very mighty all of a sudden. The phantom hits you.
* * * LOW HITPOINT WARNING * * *
The phantom blinks!
You blink.
It was a potion of ambrosia.
You are confused.
You feel invigorated. The phantom hits you.
* * * LOW HITPOINT WARNING * * *
You bump into the rock wall.
The phantom barely misses you.
You bump into the rock wall.
You feel less invigorated.
You feel less confused. You block the phantom's attack.
You slash the phantom!
The phantom is moderately damaged.
You block the phantom's attack.
You slash the phantom! Your bite misses the phantom.
The phantom is severely damaged.
The phantom completely misses you.
You slash the phantom!
You destroy the phantom!
You have reached level 5!
You slash the scorpion!
The scorpion is severely wounded.
The scorpion closely misses you.
You barely miss the scorpion. Your bite misses the scorpion.
The scorpion is severely wounded.
The scorpion stings you.
* * * LOW HITPOINT WARNING * * *
The scorpion stings you.
* * * LOW HITPOINT WARNING * * *
You are lethally poisoned!
The scorpion poisons you!
You closely miss the scorpion.
The scorpion is severely wounded.
* * * LOW HITPOINT WARNING * * *
You feel sick. The scorpion stings you!
You die...

).... ##.##.#
#.###.#.....#
#.##..ยงยง.####
#.#..[...#
##....l...#
#........##
#l#.#....#
#s#.##.#.#
#@#.##[#.#
#.#.##.#.#
..... ##.#..
#.### ... #.#
#.#


You could see a scorpion and an iguana.

Vanquished Creatures
  A phantom (D:4)
  4 adders
  2 worms (D:3)
  A dart slug (D:2)
  5 ball pythons
  4 bats
  7 endoplasms
  4 giant cockroaches
  8 goblins
  7 hobgoblins
  3 quokkas (D:3)
  7 frilled lizards
  5 kobolds
  A rat (D:1)
59 creatures vanquished.

Vanquished Creatures (others)
  2 fungi (D:3)
  29 plants (D:1)
31 creatures vanquished.

Grand Total: 90 creatures vanquished

Notes
Turn   | Place    | Note
-------+----------+-------------------------------------------
     0 | D:1      | arthad the Gnoll Reaver began the quest for the Orb.
     0 | D:1      | Reached XP level 1. HP: 20/20 MP: 6/6
   126 | D:1      | Reached XP level 2. HP: 20/26 MP: 7/7
  1060 | D:2      | Reached skill level 5 in Spellcasting
  1060 | D:2      | Reached XP level 3. HP: 30/31 MP: 7/9
  1063 | D:2      | Learned a level 2 spell: Momentum Strike
  1152 | D:2      | Reached skill level 1 in Invocations
  1395 | D:2      | Reached skill level 1 in Short Blades
  1395 | D:2      | Reached skill level 1 in Long Blades
  1395 | D:2      | Reached skill level 1 in Maces & Flails
  1395 | D:2      | Reached skill level 1 in Polearms
  1395 | D:2      | Reached skill level 1 in Staves
  1395 | D:2      | Reached skill level 1 in Ranged Weapons
  1395 | D:2      | Reached skill level 1 in Throwing
  1395 | D:2      | Reached skill level 1 in Armour
  1395 | D:2      | Reached skill level 1 in Stealth
  1395 | D:2      | Reached skill level 1 in Shields
  1395 | D:2      | Reached skill level 1 in Unarmed Combat
  1395 | D:2      | Reached skill level 1 in Evocations
  1658 | D:3      | Reached XP level 4. HP: 30/38 MP: 11/11
  1719 | D:3      | Reached skill level 1 in Hexes
  1719 | D:3      | Reached skill level 1 in Summonings
  1719 | D:3      | Reached skill level 1 in Necromancy
  1719 | D:3      | Reached skill level 1 in Translocations
  1719 | D:3      | Reached skill level 1 in Transmutations
  1719 | D:3      | Reached skill level 1 in Fire Magic
  1719 | D:3      | Reached skill level 1 in Ice Magic
  1719 | D:3      | Reached skill level 1 in Air Magic
  1719 | D:3      | Reached skill level 1 in Earth Magic
  1719 | D:3      | Reached skill level 1 in Poison Magic
  1941 | D:3      | Found Myel Ygg's Book Emporium.
  2414 | D:3      | Found a runed translucent gate.
  2414 | D:3      | Found a runed translucent gate.
  2414 | D:3      | Found a runed translucent gate.
  2418 | D:3      | Noticed a kobold brigand
  2420 | D:3      | Noticed xzight's ghost (weakling OgFE)
  2540 | D:4      | Noticed a phantom
  2549 | D:4      | Noticed a scorpion
  2556 | D:4      | Killed a phantom
  2557 | D:4      | Reached XP level 5. HP: 13/43 MP: 12/12
  2559 | D:4      | HP: 1/43 [poisoned by a scorpion]
  2559 | D:4      | Mangled by a scorpion

Illustrated notes

Levels and vault maps discovered:
D:1:      roderic_crop_circles_arrival_small, layout_loops_ring,
          nrook_mini_vaults, nicolae_figureground_pulse
D:2:      layout_basic
D:3:      layout_rooms, serial_shops, shop, gammafunk_ghost_nasty_kobolds,
          dk_noncrumbling_2, wander_ebering_terrifying_dragon_lair
D:4:      cheibrodos_greedy_goblins, layout_loops_ring,
          nicolae_hepliaklqana_monster_ancestors, chequers_ossuary_entry_cave,
          chequers_serial_rivers_micro_a

Skill      XL: |  1  2  3  4 |
---------------+-------------+-----
Spellcasting   | 5 |  5.2
Invocations    | 1 |  1.8
Short Blades   | 1 |  1.6
Long Blades    | 1 |  1.6
Maces & Flails | 1 |  1.6
Polearms       | 1 |  1.6
Staves         | 1 |  1.6
Ranged Weapons | 1 |  1.6
Throwing       | 1 |  1.6
Armour         | 1 |  1.6
Stealth        | 1 |  1.6
Shields        | 1 |  1.6
Unarmed Combat | 1 |  1.6
Evocations     | 1 |  1.6
Hexes          | 1 |  1.3
Summonings     | 1 |  1.3
Necromancy     | 1 |  1.3
Translocations | 1 |  1.3
Transmutations | 1 |  1.3
Fire Magic     | 1 |  1.3
Ice Magic      | 1 |  1.3
Air Magic      | 1 |  1.3
Earth Magic    | 1 |  1.3
Poison Magic   | 1 |  1.3
Fighting       | |  4.8
Axes           | |  6.7
Dodging        | |  4.8
Conjurations   | |  5.6

Action                   |  1- 3 |  4- 6 || total
-------------------------+-------+-------++-------
Melee: Hand axe          |   135 |    82 ||   217
       Bite              |    17 |     8 ||    25
       Punch             |     1 |     2 ||     3
  Use: Potion            |       |     2 ||     2
       Scroll            |       |     1 ||     1
 Stab: Distracted        |     1 |       ||     1
       Sleeping          |       |     1 ||     1
Armor: Leather armour    |    19 |    12 ||    31
Dodge: Dodged            |    76 |    37 ||   113
Block: Buckler           |       |    15 ||    15

Table legend: (Time is in decaauts)
 A = Elapsed time spent in this place.
 B = Non-inter-level travel time spent in this place.
 C = Inter-level travel time spent in this place.
 D = Time resting spent in this place.
 E = Time spent auto-exploring this place.
 F = Levels seen in this place.
 G = Mean time per level.
                   A        B        C        D        E       F      G
               +--------+--------+--------+--------+--------+-----+--------+
         Total |   2553 |   2390 |    163 |      0 |   1899 |   4 |  638.2 |
       Dungeon |   2553 |   2390 |    163 |      0 |   1899 |   4 |  638.2 |
               +--------+--------+--------+--------+--------+-----+--------+

Top non-repeatable levels by time:
     D:1: 990 daAuts
     D:3: 893 daAuts
     D:2: 605 daAuts
     D:4: 65 daAuts
